[Event "GER-chT States Women 2022"]
[Site "Braunfels"]
[Date "2022.06.18"]
[Round "4.20"]
[White "Buchholz, Maja"]
[Black "Kiesel, Lara"]
[Result "1-0"]
[ECO "A20"]
[WhiteElo "1945"]
[BlackElo "1737"]
[Annotator "TA"]
[PlyCount "145"]
[EventDate "2022.06.15"]
[EventType "swiss"]
[EventCountry "GER"]
[SourceTitle "playchess.com"]
[Source "ChessBase"]
[SourceQuality "1"]
[TimeControl "40/5400+30:1800+30"]

1. c4 e5 2. g3 Nf6 3. Bg2 d5 4. cxd5 Nxd5 5. Nc3 Nb6 6. Nf3 Nc6 7. O-O Be7 8. a3 a5 9. d3 O-O 10. Be3 Be6 11. Na4 Nxa4 {[%emt 0:23:39] A29: English Opening: Four Knights Variation with 4 g3.} 12. Qxa4 f6 13. Rac1 Qd7 {[%emt 0:02:48] White is slightly better.} 14. Rfd1 Rfd8 {[%emt 0:02:54] [#]} (14... Bd5 {is interesting.} 15. Nd2 Rfd8 16. h4 Bxg2 17. Kxg2 Rac8) 15. Qb5 $146 (15. Nd2 $11) ({Predecessor:} 15. Rd2 Nd4 16. Qxd7 Rxd7 17. Bxd4 exd4 18. Rdc2 c6 19. Nd2 Re8 20. Bf3 Bd8 21. b4 axb4 22. axb4 {½-½ (49) Pychova,N (1970)-Suchomelova,S (1827) Hrdonov 2013}) 15... Nd4 $1 $15 16. Nxd4 exd4 17. Qxd7 Rxd7 18. Bf4 (18. Bxb7 Ra7 19. Bc8 dxe3 20. Bxd7 exf2+ 21. Kxf2 Bxd7 $17) 18... c6 19. h4 Bb3 20. Re1 a4 (20... Kf7 $15 {keeps the upper hand.}) 21. Bh3 $1 $16 Rdd8 22. Bc7 Re8 23. Bb6 Bd8 24. Bxd4 Ba5 25. Bc3 Bb6 26. d4 Rad8 27. e3 Kf7 28. Bb4 g6 29. Bf1 Ke6 30. Bc4+ $1 Bxc4 31. Rxc4 f5 32. Rec1 Ra8 33. Kg2 Red8 34. Kf3 Rd5 {[%emt 0:00:55] [#]} (34... Kd5 $16 35. Be7 Rd7) 35. Ke2 (35. Rxc6+ bxc6 36. Rxc6+ Kf7 37. Rxb6) (35. Rxc6+ $1 $18 {[%mdl 512] and the rest is easy.} bxc6 36. Rxc6+ Kf7 37. Rxb6) 35... Kf6 {[%emt 0:00:36] [#]} (35... Ra6 $16 36. h5 g5) 36. Kd3 (36. Rxc6+ $1 $18 bxc6 37. Rxc6+ Kg7 38. Rxb6) 36... Rad8 $2 {[%emt 0:00:59] [#]} (36... Rb5 $16 {was worth a try.} 37. Bc3 Ke6) 37. Bc5 (37. Rxc6+ $1 $18 {[%mdl 512] is the precise move to win.} bxc6 38. Rxc6+ Kg7 39. Rxb6) 37... Bxc5 38. Rxc5 {[%emt 0:00:05][%mdl 4096] Endgame KRR-KRR} Ke6 39. R1c4 Rxc5 40. Rxc5 $18 {[%emt 0:00:07] KR-KR} Ra8 41. f3 Ra6 42. Rc4 Kd6 43. e4 fxe4+ 44. fxe4 Ra8 45. Ke3 b5 $2 (45... Ra5 $16 {keeps fighting.} 46. Kd3 Ra8) 46. e5+ Kd7 47. Rc2 Re8 48. Rf2 c5 49. Ke4 (49. dxc5 Rxe5+ 50. Kd4 Ke6) ({Less strong is} 49. dxc5 Rxe5+ 50. Kd4 Ke6 $16) 49... cxd4 50. Rd2 ({But not} 50. Kxd4 $6 Rd8 51. Ke4 Ke8 $18) 50... Rc8 51. Rxd4+ Ke7 52. Rb4 h5 $2 (52... Ke6 53. Rxb5 Rc4+ 54. Kf3 Rd4) 53. Rxb5 Rc4+ 54. Kd5 Rc2 (54... Rc7 $142 55. Rb4 Ra7) 55. Rb7+ Ke8 56. Kd6 {[%emt 0:00:00] And now Rb8+ would win.} Rd2+ 57. Ke6 {[%emt 0:00:00] White wants to mate with Rb8+.} Kd8 58. Kf6 {[%emt 0:00:00] Threatens to win with Rb8+.} Rf2+ 59. Kxg6 Rg2 60. Kf6 {[%emt 0:00:00] Strongly threatening Rb8+.} Rxg3 61. Rb8+ {[%emt 0:00:13] White mates.} Kc7 62. Rf8 Rf3+ 63. Ke7 Rg3 64. e6 Rg4 65. Rf2 Re4 66. Kf7 Kd6 67. Rd2+ Kc6 68. e7 Rf4+ 69. Ke6 Re4+ 70. Kf6 Rf4+ 71. Ke5 Rf1 72. e8=Q+ Kb6 73. Rd6+ {[%emt 0:01:06] Weighted Error Value: White=0.16 (very precise) /Black=0.34} 1-0

[Event "GER-chT States Women 2022"]
[Site "Braunfels"]
[Date "2022.06.18"]
[Round "4.21"]
[White "Wilmink, Anna"]
[Black "Frank, Michelle Viviane"]
[Result "0-1"]
[ECO "C11"]
[WhiteElo "1700"]
[BlackElo "1882"]
[Annotator "NA RC"]
[PlyCount "100"]
[EventDate "2022.06.15"]
[EventType "swiss"]
[EventCountry "GER"]
[SourceTitle "playchess.com"]
[Source "ChessBase"]
[SourceQuality "1"]
[TimeControl "40/5400+30:1800+30"]

1. e4 e6 2. d4 d5 3. Nc3 Nf6 4. e5 Nfd7 5. f4 c5 6. Nf3 Nc6 7. Be3 Qa5 8. a3 cxd4 9. Nxd4 a6 10. b4 Qc7 11. Qd2 Be7 12. Bd3 Nb6 13. O-O Bd7 14. Nce2 Nxd4 15. Nxd4 Rc8 16. Qe2 Nc4 17. Bf2 g6 18. Kh1 Nb2 19. Qf3 Nxd3 20. cxd3 Ba4 21. Qh3 Qd7 {[%emt 0:08:20] [#]} 22. Bh4 ({White should play} 22. g4 $1 $16) 22... Bxh4 23. Qxh4 Qe7 24. Qh6 Qf8 25. Qxf8+ (25. Qg5 $14) 25... Rxf8 26. Rac1 Kd7 27. Nf3 h6 28. d4 Bc2 29. Kg1 Rc7 30. Nd2 Rfc8 31. Kf2 Rc3 32. Ra1 Ba4 33. Kg1 Rd3 34. Nf3 Rcc3 35. Rfc1 Rxc1+ ({Don't blunder} 35... Rxa3 $2 36. Ne1 Rdb3 37. Rxa3 Rxa3 38. Rb1 $19) 36. Rxc1 Rxa3 37. Rb1 Ra2 38. Ne1 Bc2 39. Rc1 Be4 40. b5 axb5 41. Rc5 Rb2 42. Kf1 b6 43. Rc1 b4 44. Ra1 b3 45. Ra7+ Kc6 46. Ra4 Kb5 47. Ra3 Kb4 48. Ra6 b5 49. Ra1 Ra2 50. Rd1 b2 0-1

[Event "GER-chT States Women 2022"]
[Site "Braunfels"]
[Date "2022.06.18"]
[Round "4.22"]
[White "Lukas, Anne"]
[Black "Grabowski, Petra"]
[Result "0-1"]
[ECO "A05"]
[WhiteElo "2040"]
[BlackElo "1635"]
[Annotator "NA RC"]
[PlyCount "142"]
[EventDate "2022.06.15"]
[EventType "swiss"]
[EventCountry "GER"]
[SourceTitle "playchess.com"]
[Source "ChessBase"]
[SourceQuality "1"]
[TimeControl "40/5400+30:1800+30"]

1. Nf3 Nf6 2. g3 d5 3. Bg2 c5 4. O-O Bf5 5. c4 Nc6 6. cxd5 Nxd5 7. Nc3 Nc7 8. d3 e5 9. Be3 Qd7 10. Ng5 (10. Qa4 $14) 10... f6 11. Nge4 Nd4 12. f4 exf4 13. Bxf4 Nce6 14. Be3 Be7 15. Nd5 Bxe4 16. Bxe4 O-O 17. Rc1 Rac8 18. Nxe7+ ({White should play} 18. Bxd4 $16 Nxd4 19. e3) 18... Qxe7 19. Rf2 (19. Bxd4 $5 Nxd4 20. e3 $14) 19... b6 20. Qf1 Ng5 21. Bxg5 fxg5 22. e3 Rxf2 23. Qxf2 Rf8 24. Qg2 {[%emt 0:00:19] [#]} Nf5 (24... Nf3+ $1 $15 {feels stronger.} 25. Kh1 g4) 25. Qe2 g6 26. b3 Qe5 27. Rf1 (27. Bxf5 $11 {was preferrable.} Rxf5 28. Qd2) 27... Nd6 28. Rxf8+ Kxf8 29. Qf2+ Kg7 30. Bc6 Nf5 31. e4 Nd4 32. Bd5 Qf6 33. a3 Qxf2+ 34. Kxf2 a5 ({Black should try} 34... Kf6 $17) 35. e5 Nc2 36. a4 Nb4 37. Be4 Nc2 38. h3 Nd4 39. Bd5 Nc2 40. Kf3 Nd4+ 41. Ke3 Nf5+ 42. Kf2 Kf8 43. g4 Nd4 44. Ke3 Ke7 45. Bc4 h5 46. Ke4 h4 {[%emt 0:00:00] [#]} 47. Bd5 $4 {[%emt 0:00:00] [#]} (47. Kd5 $1 $18 {was the only winning move.} Ne6 48. Kc6) 47... Ne2 $1 48. Ke3 Nf4 49. Be4 Nxh3 50. Bxg6 Nf4 51. Bf5 h3 52. Kf2 h2 53. Be4 Nxd3+ 54. Kg2 Nxe5 55. Bf5 Nf3 56. Be4 Nd4 57. Kxh2 Nxb3 58. Kg3 Kd6 59. Kf2 Ke5 60. Ke3 c4 61. Bc2 $19 Nc5 62. Bd1 Ne6 63. Bf3 Nd4 64. Bd1 b5 65. axb5 Nxb5 66. Kd2 Kd4 67. Kc2 a4 68. Kb2 c3+ 69. Ka2 Kd3 70. Bxa4 Nd4 71. Kb1 Kd2 0-1

[Event "GER-chT States Women 2022"]
[Site "Braunfels"]
[Date "2022.06.18"]
[Round "4.23"]
[White "Hielscher, Ursula"]
[Black "Werner, Rosalie"]
[Result "0-1"]
[ECO "A53"]
[WhiteElo "1717"]
[BlackElo "1712"]
[Annotator "NA RC"]
[PlyCount "144"]
[EventDate "2022.06.15"]
[EventType "swiss"]
[EventCountry "GER"]
[SourceTitle "playchess.com"]
[Source "ChessBase"]
[SourceQuality "1"]
[TimeControl "40/5400+30:1800+30"]

1. d4 Nf6 2. c4 d6 3. Nc3 Nbd7 4. e4 e5 5. d5 Nc5 6. Qc2 a5 7. g3 g6 8. Bg2 Bg7 9. Be3 Qe7 10. O-O-O b6 11. Bxc5 bxc5 12. Nb5 O-O 13. Ne2 Qd8 14. Rhf1 Kh8 15. h3 Nd7 16. g4 Nb6 17. b3 f5 18. f3 a4 19. Kb2 Qe7 20. Nec3 axb3 21. axb3 Bh6 22. Qe2 Bf4 23. Qe1 fxg4 24. hxg4 Bb7 25. Rh1 Kg7 26. Qh4 Qxh4 27. Rxh4 Rfc8 28. Rdh1 h6 29. Ne2 Bg5 30. R4h2 Ba6 31. Nec3 Kf7 32. Rf1 Bf4 33. Rhh1 Bxb5 34. Nxb5 Ke7 35. g5 Bxg5 36. Bh3 Nd7 37. Ra1 Kd8 38. Na7 Rxa7 39. Rxa7 Rb8 40. Kc2 Nf6 41. Be6 Nh5 42. Rha1 Nf4 43. Ra8 Rxa8 44. Rxa8+ Ke7 45. Bc8 Ne2 46. Rb8 Nd4+ 47. Kd3 Nxf3 48. Bg4 Ne1+ 49. Ke2 Ng2 50. Rg8 Nf4+ 51. Kf2 Kf7 52. Rc8 Be7 53. Rxc7 h5 54. Bf3 g5 55. Ra7 g4 56. Bd1 Kf6 57. Kg3 Ng6 58. Ra2 Kg5 59. Ra8 h4+ 60. Kf2 Bf8 61. Ra7 Kf4 62. Rf7+ Kg5 63. Be2 g3+ 64. Kf1 Be7 65. Rf5+ Kh6 66. Bg4 Nf4 67. Rf7 Ng6 68. Kg1 Bg5 69. Rd7 Be3+ 70. Kh1 Nf4 71. Rxd6+ Kg5 72. Bf3 h3 0-1

[Event "GER-chT States Women 2022"]
[Site "Braunfels"]
[Date "2022.06.18"]
[Round "4.24"]
[White "Engel, Esther"]
[Black "Zoellner, Bente"]
[Result "0-1"]
[ECO "A57"]
[WhiteElo "1751"]
[BlackElo "1589"]
[Annotator "NA RC"]
[PlyCount "62"]
[EventDate "2022.06.15"]
[EventType "swiss"]
[EventCountry "GER"]
[SourceTitle "playchess.com"]
[Source "ChessBase"]
[SourceQuality "1"]
[TimeControl "40/5400+30:1800+30"]

1. d4 Nf6 2. c4 c5 3. d5 b5 4. cxb5 a6 5. b6 a5 6. a4 Qxb6 7. Nc3 d6 8. e4 Na6 9. Bc4 Nc7 10. f4 Qb4 11. Qe2 Ba6 12. Bxa6 Rxa6 13. Nf3 g6 14. O-O Bg7 15. Rd1 O-O 16. Kh1 Qb7 17. Ra3 Rb6 18. Nd2 Nd7 19. Nc4 Ra6 20. Na2 Nb6 21. Rb3 Qa7 22. Nxb6 Rxb6 23. Rxb6 Qxb6 24. Qc4 Bxb2 25. Bd2 Bg7 26. h3 Rb8 27. Nc1 Na6 28. Na2 Qb3 29. Qxb3 Rxb3 30. Bxa5 Ra3 31. Nc1 Rxa4 0-1

[Event "GER-chT States Women 2022"]
[Site "Braunfels"]
[Date "2022.06.18"]
[Round "4.25"]
[White "Koehler, Inken"]
[Black "Wagner, Margarethe"]
[Result "0-1"]
[ECO "B53"]
[WhiteElo "2002"]
[BlackElo "1902"]
[Annotator "NA RC"]
[PlyCount "84"]
[EventDate "2022.06.15"]
[EventType "swiss"]
[EventCountry "GER"]
[SourceTitle "playchess.com"]
[Source "ChessBase"]
[SourceQuality "1"]
[TimeControl "40/5400+30:1800+30"]

1. e4 c5 2. Nf3 d6 3. d4 cxd4 4. Qxd4 Nc6 5. Qe3 Nf6 6. h3 a6 7. Be2 Qc7 8. a3 g6 9. O-O Bg7 10. Nc3 O-O 11. Rd1 b6 12. Rb1 Bb7 13. b4 Ne5 14. Nxe5 dxe5 15. Bb2 b5 16. Rbc1 e6 17. Bd3 Nh5 (17... Nd7 $11) 18. Nb1 Nf4 19. Bf1 Qc6 20. Nd2 Rfd8 21. f3 (21. c4 $16) 21... Rac8 22. c4 Qe8 (22... Qd6 $1 $14) 23. c5 Qe7 24. Kh2 Qf6 25. Nb3 Rxd1 26. Rxd1 Bh6 27. Qf2 Nh5 28. g3 Bxe4 $1 29. f4 $17 (29. Nd2 $11 Bd5 30. Kg1) 29... Nxg3 30. Bxe5 Nxf1+ 31. Qxf1 Qf5 32. Nd4 Qh5 33. Ne2 Qf3 34. Nc3 Bxf4+ 35. Bxf4 Qxc3 36. Bh6 Qe5+ 37. Bf4 Qb2+ 38. Rd2 Qxa3 39. Qd1 Bd5 40. Bh6 Qc3 41. Rd4 Qb2+ 42. Rd2 Qe5+ 0-1

[Event "GER-chT States Women 2022"]
[Site "Braunfels"]
[Date "2022.06.18"]
[Round "4.26"]
[White "Wagner, Victoria"]
[Black "Braeutigam, Irina"]
[Result "0-1"]
[ECO "B90"]
[WhiteElo "1806"]
[BlackElo "2013"]
[Annotator "NA RC"]
[PlyCount "102"]
[EventDate "2022.06.15"]
[EventType "swiss"]
[EventCountry "GER"]
[SourceTitle "playchess.com"]
[Source "ChessBase"]
[SourceQuality "1"]
[TimeControl "40/5400+30:1800+30"]

1. e4 c5 2. Nf3 d6 3. d4 cxd4 4. Nxd4 Nf6 5. Nc3 a6 6. Bd3 g6 7. O-O Bg7 8. Be2 O-O 9. Kh1 Nc6 10. Be3 Nxd4 11. Bxd4 Be6 12. f3 Rc8 13. Nd5 Bxd5 14. exd5 Qa5 15. c4 b5 16. Bc3 Qb6 17. Bd4 Qb7 18. b3 Nd7 19. Bxg7 Kxg7 20. cxb5 axb5 21. Qd4+ Kg8 22. b4 Nf6 23. Rfd1 Ra8 24. Qd3 Rfb8 25. f4 Qd7 26. Rdc1 Qb7 (26... Ra4 $15 {might be stronger.}) 27. Rd1 Ra7 28. f5 Qd7 29. fxg6 hxg6 30. Rdc1 (30. a3 $15) 30... Rc7 31. Rxc7 Qxc7 32. Qd2 Qa7 ({Black should try} 32... Ne4 $17 33. Qe3 Qc3 34. Qxc3 Nxc3) 33. Qd3 Qa8 34. Bf3 Qa4 35. a3 Rc8 36. Bd1 Qa6 37. Be2 Rb8 38. Rc1 Qa8 39. Rc6 e6 40. Rxd6 Nxd5 41. Bf3 Rc8 42. g3 $1 Qb8 43. Rd7 $2 (43. Rxe6 $1 $11 {and White stays safe.} fxe6 44. Qxg6+ Kf8 45. Qxe6 Rc1+ 46. Kg2 Nf4+ 47. gxf4 Qxf4 48. Qe4 Qg5+ 49. Bg4) 43... Rc3 44. Qe4 Qc8 45. Ra7 Re3 46. Qg4 $2 (46. Qxe3 $15 Nxe3 47. Ra8 Qxa8 48. Bxa8) 46... Qc2 47. Ra8+ Kg7 48. Qd4+ e5 49. Qa1 Rxf3 50. Qxe5+ Nf6 51. Qe1 Rf2 0-1

[Event "GER-chT States Women 2022"]
[Site "Braunfels"]
[Date "2022.06.18"]
[Round "4.27"]
[White "Gressmann, Hanna"]
[Black "Albayrak, Nese Pinar"]
[Result "1/2-1/2"]
[ECO "C47"]
[WhiteElo "1892"]
[BlackElo "1683"]
[Annotator "NA RC"]
[PlyCount "88"]
[EventDate "2022.06.15"]
[EventType "swiss"]
[EventCountry "GER"]
[SourceTitle "playchess.com"]
[Source "ChessBase"]
[SourceQuality "1"]
[TimeControl "40/5400+30:1800+30"]

1. e4 e5 2. Nf3 Nc6 3. Nc3 Nf6 4. d4 exd4 5. Nxd4 Bb4 6. Nxc6 bxc6 7. Bd3 O-O 8. O-O d5 9. exd5 cxd5 10. h3 h6 11. Qf3 Bb7 12. Bf4 a6 13. Rfd1 Qe7 14. Re1 Qd8 (14... Ne4 $1 $14) 15. Rad1 Rb8 16. Qg3 Nh5 17. Qg4 (17. Bxc7 $11 Nxg3 18. Bxd8 Rfxd8 19. fxg3) 17... Nxf4 18. Qxf4 c5 19. a3 Ba5 20. b4 ({Don't play} 20. Qf5 g6 21. Qf4 Bc7 22. Qxh6 Qf6 $17) (20. Be4 $5 ) 20... Bc7 21. Qg4 Qd6 22. g3 $1 cxb4 23. axb4 Qf6 24. Ne2 (24. Qf5 $11 {remains equal.} Qxf5 25. Bxf5) 24... Bc8 25. Qh5 (25. Qd4 $17) 25... Rxb4 26. Rb1 {[%emt 0:01:58] [#]} Bb6 $1 27. Nf4 Rxb1 28. Rxb1 g5 29. Rxb6 Qxb6 30. Nxd5 Qe6 31. Qf3 f5 32. Ne3 (32. Bc4 $17 {is a better defense.} Qe1+ 33. Bf1) 32... Kg7 $19 33. Qa8 Bd7 34. Qa7 Kg6 35. Qc5 Rf6 36. g4 Qc6 37. Qe7 Be6 38. gxf5+ Bxf5 39. Nxf5 Rxf5 40. Bxf5+ Kxf5 41. Qf7+ Ke5 42. Qe7+ Kd5 43. Qe2 Qe6 44. Qf3+ Kc5 1/2-1/2

[Event "GER-chT States Women 2022"]
[Site "Braunfels"]
[Date "2022.06.18"]
[Round "4.28"]
[White "Pavlov, Liliane"]
[Black "Falke, Ornella"]
[Result "0-1"]
[ECO "E10"]
[WhiteElo "1742"]
[BlackElo "1844"]
[Annotator "NA RC"]
[PlyCount "62"]
[EventDate "2022.06.15"]
[EventType "swiss"]
[EventCountry "GER"]
[SourceTitle "playchess.com"]
[Source "ChessBase"]
[SourceQuality "1"]
[TimeControl "40/5400+30:1800+30"]

1. d4 Nf6 2. c4 e6 3. Nf3 d5 4. g3 Bb4+ 5. Bd2 Be7 6. Bg2 O-O 7. Nc3 c6 8. O-O Nbd7 9. Rc1 dxc4 10. e4 b5 11. Re1 Bb7 12. a4 a6 13. b3 b4 14. Na2 c3 15. Bg5 h6 16. Bf4 a5 17. Ne5 Nxe5 18. Bxe5 Nd7 19. Bf4 Re8 20. Rc2 e5 21. dxe5 Bc5 22. Be3 Bxe3 23. Rxe3 Nxe5 24. Qh5 Qd4 25. Nc1 c5 26. Re1 Rad8 27. Kh1 c4 28. bxc4 Qxc4 29. Bf1 Qxe4+ 30. Rxe4 Bxe4+ 31. Bg2 Bxc2 0-1

[Event "GER-chT States Women 2022"]
[Site "Braunfels"]
[Date "2022.06.18"]
[Round "4.29"]
[White "Mundt, Alexandra"]
[Black "Prinzen, Siri Marleen"]
[Result "0-1"]
[ECO "D00"]
[WhiteElo "1782"]
[BlackElo "1744"]
[Annotator "NA RC"]
[PlyCount "96"]
[EventDate "2022.06.15"]
[EventType "swiss"]
[EventCountry "GER"]
[SourceTitle "playchess.com"]
[Source "ChessBase"]
[SourceQuality "1"]
[TimeControl "40/5400+30:1800+30"]

1. d4 d5 2. Bf4 c5 3. dxc5 Nc6 4. Nf3 f6 5. e3 e5 6. Bg3 Bxc5 7. c3 Nge7 8. Nbd2 Be6 9. Nb3 Bb6 10. Be2 Rc8 11. Qd2 Nf5 12. Rd1 Nd6 13. O-O Ne4 14. Qe1 Qe7 15. Nfd2 Nxg3 16. hxg3 h5 17. c4 d4 18. exd4 Nxd4 19. Bd3 Kf7 20. Nxd4 Bxd4 21. Qe4 f5 22. Qf3 g6 23. Be4 b6 24. Bd5 Bxd5 25. Qxd5+ Qe6 26. Qb7+ Qe7 27. Qd5+ Qe6 28. Qb7+ Qe7 29. Qxe7+ Kxe7 30. b3 Bc5 31. Nf3 e4 32. Ne5 Kf6 33. Rd5 h4 34. gxh4 Rxh4 35. Nd7+ Ke7 36. Nxc5 Rxc5 37. Rxc5 bxc5 38. Rd1 Rh5 39. Rd5 f4 40. Rxh5 gxh5 41. Kf1 Kd6 42. Ke2 Ke5 43. Kd1 Kd4 44. Kd2 h4 45. a3 f3 46. g4 h3 47. g5 h2 48. g6 h1=Q 0-1

[Event "GER-chT States Women 2022"]
[Site "Braunfels"]
[Date "2022.06.18"]
[Round "4.30"]
[White "Albayrak, Berrak"]
[Black "Braeutigam, Katerina"]
[Result "1/2-1/2"]
[ECO "B18"]
[WhiteElo "1569"]
[BlackElo "1860"]
[Annotator "NA RC"]
[PlyCount "117"]
[EventDate "2022.06.15"]
[EventType "swiss"]
[EventCountry "GER"]
[SourceTitle "playchess.com"]
[Source "ChessBase"]
[SourceQuality "1"]
[TimeControl "40/5400+30:1800+30"]

1. e4 c6 2. d4 d5 3. Nc3 dxe4 4. Nxe4 Bf5 5. Ng3 Bg6 6. Nf3 Nd7 7. Bd3 Bxd3 8. Qxd3 e6 9. Be3 Ngf6 10. c3 Be7 11. O-O-O Nd5 12. Bd2 Qb6 13. Ne4 Rc8 14. Ne5 N7f6 15. Ng5 c5 {[%emt 0:17:09] [#]} 16. Kb1 $1 (16. Nexf7 {[#]} cxd4 $1 17. c4 (17. Nxh8 $2 {too greedy.} dxc3 18. Bxc3 Nxc3 $19) 17... O-O $11) 16... Rf8 17. Nxh7 $2 (17. c4 $18 Nb4 18. Bxb4 Qxb4 19. d5 (19. Nxh7 Nxh7 20. Qxh7 Bf6 $16)) 17... Nxh7 18. Qxh7 cxd4 19. c4 Nc3+ 20. Bxc3 dxc3 21. Qc2 Qxb2+ 22. Qxb2 cxb2 23. Rhe1 Rh8 24. h3 Bf6 25. Rd4 Rc5 26. Rde4 Rh5 27. Nd3 Rc6 28. Nxb2 Rhc5 29. Rc1 Rb6 30. Rc2 Re5 31. Rxe5 Bxe5 32. Kc1 Bxb2+ 33. Rxb2 Rxb2 34. Kxb2 Kd7 35. Kc3 Kd6 36. Kb4 e5 37. Kb5 f5 38. g3 e4 39. h4 Ke5 40. Kc5 f4 41. gxf4+ Kxf4 42. Kd4 g6 43. c5 Kf3 44. a4 Kxf2 45. Kxe4 Kg3 46. a5 a6 $16 (46... Kxh4 {is a self mate.} 47. a6 b6 48. c6 b5 49. c7 Kg5 50. c8=Q Kf6 51. Qc3+ Kg5 52. Qe5+ Kg4 53. Qf6) 47. Ke5 Kxh4 {[%emt 0:01:03] [#]} 48. Kd6 $1 g5 49. Kc7 g4 50. Kxb7 g3 51. c6 g2 52. c7 g1=Q 53. c8=Q Qg2+ 54. Qc6 Qe2 55. Ka7 Qd3 56. Qxa6 Qd7+ 57. Qb7 Qd4+ 58. Ka6 Qc4+ 59. Qb5 1/2-1/2

[Event "GER-chT States Women 2022"]
[Site "Braunfels"]
[Date "2022.06.18"]
[Round "4.31"]
[White "Leib, Britta"]
[Black "Schilay, Maria"]
[Result "1-0"]
[ECO "C55"]
[WhiteElo "1906"]
[BlackElo "1568"]
[Annotator "NA RC"]
[PlyCount "67"]
[EventDate "2022.06.15"]
[EventType "swiss"]
[EventCountry "GER"]
[SourceTitle "playchess.com"]
[Source "ChessBase"]
[SourceQuality "1"]
[TimeControl "40/5400+30:1800+30"]

1. e4 e5 2. Nf3 Nc6 3. Bc4 Nf6 4. d3 Be7 5. c3 O-O 6. Bb3 d5 7. exd5 Nxd5 8. O-O Bf6 9. Re1 Nde7 10. Bc2 Bf5 11. Qe2 Ng6 12. g3 Bh3 13. Nbd2 h6 14. Ne4 Be7 15. Be3 f5 16. Bb3+ Kh7 17. Neg5+ hxg5 18. Nxg5+ Bxg5 19. Qh5+ Bh6 20. Qxh3 f4 21. Bc5 Rf6 22. Rad1 b6 23. Ba3 Na5 (23... Nh8 $17 24. Kh1 Qc8) 24. Bc2 $1 c5 25. g4 (25. d4 $11 fxg3 26. hxg3 exd4 27. cxd4) 25... Kg8 (25... Re6 $1 $15) 26. Qh5 f3 27. d4 Nf4 $19 28. Qxe5 Nc4 29. Bb3 Re6 30. Bxc4 Qd7 31. dxc5 Qe7 32. Bxe6+ Qxe6 33. Qxe6+ Nxe6 34. Rxe6 1-0

[Event "GER-chT States Women 2022"]
[Site "Braunfels"]
[Date "2022.06.18"]
[Round "4.32"]
[White "Alferova, Emily"]
[Black "Freter, Anke"]
[Result "1-0"]
[ECO "A48"]
[WhiteElo "1536"]
[BlackElo "1856"]
[Annotator "NA RC"]
[PlyCount "78"]
[EventDate "2022.06.15"]
[EventType "swiss"]
[EventCountry "GER"]
[SourceTitle "playchess.com"]
[Source "ChessBase"]
[SourceQuality "1"]
[TimeControl "40/5400+30:1800+30"]

1. d4 Nf6 2. Nf3 g6 3. Nbd2 Bg7 4. e4 d6 5. Bd3 Nbd7 6. O-O O-O 7. h3 e5 8. dxe5 Nxe5 9. Nxe5 dxe5 10. Nf3 Re8 11. Qe2 c6 12. Rd1 Qc7 13. Bc4 Be6 14. Bxe6 Rxe6 15. Bg5 h6 16. Bxf6 Bxf6 17. Rd3 Rd6 18. Rad1 Rad8 19. Rxd6 Rxd6 20. Rd3 Rxd3 21. Qxd3 Kg7 22. b3 Be7 23. a4 Qd6 24. Qxd6 Bxd6 25. Kf1 f5 26. exf5 Kf6 27. fxg6 Kxg6 28. Ke2 h5 29. Nd2 e4 30. Nf1 Bc5 31. Ne3 Bxe3 32. g3 Kf5 33. Kxe3 Ke5 34. f3 h4 35. fxe4 hxg3 36. Kf3 c5 37. a5 b6 38. c4 b5 39. h4 Kf6 1-0

[Event "GER-chT States Women 2022"]
[Site "Braunfels"]
[Date "2022.06.18"]
[Round "4.33"]
[White "Krasnopeyeva, Julia"]
[Black "Hund, Sarah"]
[Result "0-1"]
[ECO "C77"]
[WhiteElo "1939"]
[BlackElo "2086"]
[Annotator "TA"]
[PlyCount "96"]
[EventDate "2022.06.15"]
[EventType "swiss"]
[EventCountry "GER"]
[SourceTitle "playchess.com"]
[Source "ChessBase"]
[SourceQuality "1"]
[TimeControl "40/5400+30:1800+30"]

1. e4 e5 2. Nf3 Nc6 3. Bb5 a6 4. Ba4 Nf6 5. d3 d6 6. c3 g6 7. O-O Bg7 8. Re1 O-O 9. Nbd2 Re8 {[%emt 0:01:06] C77: Ruy Lopez: 3...a6 4 Ba4 Nf6, unusual lines.} 10. Nf1 h6 11. Ng3 $1 b5 {[%emt 0:02:07] The position is equal.} 12. Bb3 Na5 13. Bc2 c5 14. h3 Bb7 15. Be3 {[%emt 0:02:09] [#]} Qc7 $146 ({Predecessor:} 15... Qe7 16. Qd2 Qf8 17. b4 Nc6 18. a3 a5 19. Bb3 Kh7 20. Rab1 axb4 21. axb4 Rad8 {½-½ (47) Ostrovskiy,A (2424)-Colpe,M (2374) Germany 2018}) 16. Rc1 (16. Qd2 $14) 16... Nc6 17. d4 Na5 (17... exd4 $11 18. cxd4 d5) 18. Nd2 (18. b3 $1 $14) 18... Nd7 (18... cxd4 $11 19. cxd4 exd4 20. Bxd4 Rac8) 19. d5 $14 Nb6 20. b3 {[%emt 0:01:57] Against Nac4} Bc8 21. Bb1 c4 22. f4 exf4 23. Bxf4 Nb7 24. Qf3 Nc5 25. Rf1 {[%emt 0:03:20][%cal Og3h5] Strongly threatening Nh5!} Rf8 26. Ne2 Nbd7 27. Qg3 (27. Qe3 $16) 27... Ne5 28. Rcd1 (28. Nd4 $14) 28... cxb3 (28... Ncd3 {looks sharper.} 29. Be3 Nb2 30. Rc1 a5) 29. axb3 a5 30. Nd4 Qb6 (30... Ba6 $11) 31. Kh1 $16 Kh7 32. N2f3 Ncd7 33. Be3 {[%emt 0:04:24] Hoping for Nxe5.} (33. Nc6 $5) 33... Qb7 34. Qh4 a4 35. Qe7 (35. b4 $14) 35... a3 36. Qxd6 (36. Nxe5 $11 dxe5 37. Nc6 (37. Rxf7 $2 Rxf7 38. Qxf7 exd4 $19)) 36... a2 $1 $15 37. Bc2 Nxf3 (37... Re8 $15 38. Nxe5 Nxe5) 38. gxf3 $2 {[%emt 0:01:20] [#] Loses the game.} (38. Nxf3 $11 b4 39. Bd4) 38... Ne5 $1 $19 39. Ra1 Bxh3 ({And not} 39... Ra6 40. Qb4 $17) 40. Rg1 Rfc8 {[%emt 0:01:55] Chess con chili.} 41. Bd2 ({Don't blunder} 41. Bf4 $2 Ra6 42. Qb4 {[#]} Nxf3 $1 $19 ) (41. Bxh6 Kxh6 42. Rg3) 41... b4 42. f4 Ra6 43. Qxb4 Qxb4 44. cxb4 {[%emt 0:00:10] [#]} Nf3 {[%emt 0:00:41][%mdl 576] Pin, Double Attack} 45. Bd3 {[%emt 0:01:40] [#]} (45. e5 Nxd4) 45... Bxd4 46. Bxa6 (46. Be3 Bxe3) 46... Rc2 {[%emt 0:00:18] Black mates.} 47. Rxa2 Rxa2 48. Rg3 Ra1+ {[%emt 0:00:00] Weighted Error Value: White=0.69/Black=0.20 (precise)} 0-1